[Event "Elitserien Allsvenskan 2017-18"]
[Site "Lund"]
[Date "2017.10.20"]
[Round "1"]
[White "Engqvist, Thomas"]
[Black "Ziegler, Ari"]
[Result "0-1"]
[ECO "B06"]
[WhiteElo "2352"]
[BlackElo "2319"]
[Annotator "NA"]
[PlyCount "104"]
[EventDate "2017.??.??"]
[EventCountry "SWE"]
[SourceTitle "playchess.com"]
[Source "ChessBase"]
[SourceQuality "1"]
[TimeControl "40/5400+30:1800+30"]

1. Nf3 g6 2. e4 Bg7 3. d4 d6 4. c3 Nf6 5. Qc2 O-O {B06: Modern Defence} 6. h3 (6. Be2 Nbd7 7. O-O e5 8. dxe5 dxe5 9. Rd1 Qe7 10. Bg5 h6 11. Bh4 b6 12. Nbd2 Bb7 13. b4 g5 14. Bg3 Nh5 {1-0 (46) Kovalenko,I (2587)-Mamedyarov,S (2747) Jurmala 2012}) 6... b6 7. Be3 Bb7 8. Nbd2 c5 $146 ({Predecessor:} 8... Nbd7 9. Bd3 e6 10. Bg5 Qc8 11. O-O c5 12. Rac1 Re8 13. Rfe1 {0-1 (32) Hazar,Y (1456)-Kantar,C (1400) Konya 2017}) 9. Nh2 cxd4 10. cxd4 Nbd7 11. Ng4 Rc8 12. Qb1 Rc7 13. Bd3 e5 14. d5 Nc5 15. Be2 h5 16. Nh2 Qc8 17. b4 Na4 18. Bd3 Nc3 19. Qb3 Nfxd5 20. exd5 Bxd5 21. Qa3 Bxg2 22. Rg1 Qxh3 23. Bf1 Bxf1 24. Nhxf1 d5 25. f3 Rfc8 26. Qb3 Qf5 27. Rg2 d4 28. Bg1 Bh6 29. a4 Bg5 30. a5 Qd3 31. Bh2 Bh4+ 32. Bg3 Bxg3+ 33. Nxg3 Qe3+ 34. Kf1 Nd5 35. Qxe3 Nxe3+ 36. Kf2 Nxg2 37. Kxg2 Rc2 38. Ngf1 Rb2 39. axb6 axb6 40. Kg3 Rcc2 41. Ne4 Rg2+ 42. Kh3 f5 43. Ra8+ Kg7 44. Ra7+ Kh6 45. Nf6 Kg5 (45... Rgf2 $142 46. Ra1 Rxf3+ 47. Ng3 f4) 46. Nd5 h4 47. Nc7 Rg1 48. Ne6+ Kf6 49. Kxh4 Rxf1 50. Nf8 Rh1+ 51. Kg3 f4+ 52. Kg4 Rg2# 0-1

[Event "Elitserien Allsvenskan 2017-18"]
[Site "Lund"]
[Date "2017.10.20"]
[Round "1"]
[White "Agrest, Inna"]
[Black "Hedman, Erik"]
[Result "1-0"]
[ECO "B67"]
[WhiteElo "2271"]
[BlackElo "2366"]
[Annotator "NA RC"]
[PlyCount "67"]
[EventDate "2017.??.??"]
[EventCountry "SWE"]
[SourceTitle "playchess.com"]
[Source "ChessBase"]
[SourceQuality "1"]
[TimeControl "40/5400+30:1800+30"]

1. e4 c5 2. Nf3 Nc6 3. d4 cxd4 4. Nxd4 Nf6 5. Nc3 d6 6. Bg5 e6 7. Qd2 a6 8. O-O-O Bd7 9. f3 Be7 10. h4 h6 {[%emt 0:01:26] B67: Sicilian: Richter-Rauzer: 7...a6 8 0-0-0 Bd7, lines without 9 f4 Be7} 11. Be3 h5 12. Bg5 Qc7 13. Kb1 Nxd4 14. Qxd4 b5 {[%emt 0:00:03] LiveBook: 7 Games} 15. Qd2 {[%emt 0:14:38] [#]} Rb8 $146 ({Predecessor:} 15... b4 16. Ne2 a5 17. Ng3 Bc6 18. Qe1 {0-1 (32) Pikula,D (2562)-Lupulescu,C (2599) Novi Sad 2009}) 16. Bd3 a5 17. Rhe1 b4 18. Ne2 e5 19. f4 (19. Ng3 $11) 19... Bg4 20. f5 O-O 21. Rc1 d5 22. Ng3 Rfd8 23. exd5 Nxd5 24. Bxe7 Qxe7 ({Inferior is} 24... Nxe7 {[#]} 25. f6 $1 $11 ) 25. Qf2 Qxh4 26. Rxe5 Qf6 27. Rce1 $2 (27. Ree1 $17) 27... a4 28. Nf1 a3 29. Qg3 $2 (29. Nh2 {keeps fighting.} axb2 30. Nxg4 hxg4 31. Kxb2) 29... Qb6 30. Nd2 Qd4 31. Nc4 axb2 $19 32. Rxd5 Qxd5 33. Qf2 Qd4 34. Re8+ 1-0

[Event "Elitserien Allsvenskan 2017-18"]
[Site "Lund"]
[Date "2017.10.21"]
[Round "2"]
[White "Hansen, Mads"]
[Black "Bator, Robert"]
[Result "1/2-1/2"]
[ECO "B32"]
[WhiteElo "2393"]
[BlackElo "2401"]
[Annotator "NA"]
[PlyCount "54"]
[EventDate "2017.??.??"]
[EventCountry "SWE"]
[SourceTitle "playchess.com"]
[Source "ChessBase"]
[SourceQuality "1"]
[TimeControl "40/5400+30:1800+30"]

1. e4 c5 2. Nf3 Nc6 3. d4 cxd4 4. Nxd4 e5 5. Nb5 d6 6. c4 Be7 7. N1c3 a6 8. Na3 f5 9. exf5 Bxf5 10. Bd3 Be6 $11 11. O-O Nf6 12. Nc2 O-O 13. Ne3 Qd7 14. b3 Rae8 15. Bb2 Bd8 16. Ncd5 Ne7 17. Qc2 Nexd5 18. cxd5 Bf7 19. Bf5 Qc7 20. Qd2 Qb8 21. Ba3 Bb6 22. Rad1 Kh8 23. Ng4 Nxg4 24. Bxg4 Bd4 25. Qb4 Bxd5 26. Qxd6 Qxd6 27. Bxd6 Rf4 1/2-1/2

[Event "Elitserien Allsvenskan 2017-18"]
[Site "Lund"]
[Date "2017.10.21"]
[Round "2"]
[White "Cramling, Dan"]
[Black "Agrest, Inna"]
[Result "0-1"]
[ECO "E91"]
[WhiteElo "2383"]
[BlackElo "2271"]
[Annotator "NA"]
[PlyCount "82"]
[EventDate "2017.??.??"]
[EventCountry "SWE"]
[SourceTitle "playchess.com"]
[Source "ChessBase"]
[SourceQuality "1"]
[TimeControl "40/5400+30:1800+30"]

1. d4 Nf6 2. c4 g6 3. Nc3 Bg7 4. e4 d6 {[%emt 0:00:04] LiveBook: 50393 Games} 5. Be2 $14 O-O 6. Nf3 Nbd7 7. Be3 e5 8. O-O Re8 9. d5 Nh5 10. g3 Bf8 11. Ne1 Ng7 12. Nd3 Be7 13. f3 f5 14. b4 Nf6 15. c5 h5 16. Kh1 Rf8 17. Nf2 Nh7 18. Rc1 g5 19. Nb5 f4 20. gxf4 gxf4 21. Bd2 Bh4 22. Nd3 a6 23. Na3 Ng5 24. Rg1 Qf6 25. Nc4 Bd7 26. cxd6 cxd6 27. Nb6 Rad8 28. Rc7 Rf7 29. Rxb7 Ba4 30. Qxa4 Rxb7 31. Qxa6 Rc7 32. Qa4 Kh8 33. Qb3 Rb8 34. Na4 Nh3 35. Rg2 Ne8 36. Bf1 Ng5 37. Ndb2 Rg7 38. Nd1 Nc7 39. Nab2 Rbg8 40. Qc4 Nxf3 41. Qd3 Ng5 0-1

[Event "Elitserien Allsvenskan 2017-18"]
[Site "Lund"]
[Date "2017.10.21"]
[Round "2"]
[White "Hjelm, Niclas"]
[Black "Backlund, Anders"]
[Result "1/2-1/2"]
[ECO "D97"]
[WhiteElo "2358"]
[BlackElo "2321"]
[Annotator "NA"]
[PlyCount "106"]
[EventDate "2017.??.??"]
[EventCountry "SWE"]
[SourceTitle "playchess.com"]
[Source "ChessBase"]
[SourceQuality "1"]
[TimeControl "40/5400+30:1800+30"]

1. d4 Nf6 2. c4 g6 3. Nc3 d5 4. Nf3 Bg7 5. Qb3 dxc4 6. Qxc4 O-O 7. e4 c6 8. Be2 Nbd7 9. O-O Nb6 10. Qd3 Be6 11. Rd1 Bc4 12. Qc2 Bxe2 13. Qxe2 Qc8 14. Bf4 Nh5 15. Be3 f5 16. exf5 Qxf5 17. Re1 Rae8 18. Rad1 e6 19. Bc1 Nf4 20. Bxf4 Qxf4 21. h3 Rf5 22. Rd3 Nd5 23. Nxd5 Rxd5 24. Re3 Qd6 25. Rxe6 Rxe6 26. Qxe6+ Qxe6 27. Rxe6 Bxd4 28. Nxd4 Rxd4 29. Re7 Rb4 30. b3 a5 31. Kh2 a4 32. bxa4 Rxa4 33. Rxb7 Rxa2 34. Kg3 c5 35. Rc7 Rc2 36. Kf3 h5 37. h4 c4 38. Ke3 c3 39. g3 Kf8 40. f3 Rg2 41. Kf4 c2 42. g4 hxg4 43. fxg4 Ke8 44. h5 gxh5 45. gxh5 Kd8 46. Rc3 Ke7 47. h6 Kf7 48. h7 Kg7 49. Rc7+ Kh8 50. Ke3 Rh2 51. Kd3 Rg2 52. Rxc2 Rxc2 53. Kxc2 Kxh7 1/2-1/2

[Event "Elitserien Allsvenskan 2017-18"]
[Site "Lund"]
[Date "2017.10.21"]
[Round "2"]
[White "Ornstein, Axel"]
[Black "Lokander, Martin"]
[Result "1/2-1/2"]
[ECO "A06"]
[WhiteElo "2344"]
[BlackElo "2368"]
[Annotator "ChessBase"]
[PlyCount "20"]
[EventDate "2017.??.??"]
[EventCountry "SWE"]
[SourceTitle "playchess.com"]
[Source "ChessBase"]
[SourceQuality "1"]
[TimeControl "40/5400+30:1800+30"]

1. Nf3 d5 2. g3 Nd7 3. d4 b5 4. Bg2 Bb7 5. O-O Ngf6 6. Nbd2 e6 7. b3 c5 8. c4 bxc4 9. bxc4 dxc4 10. Nxc4 Be7 1/2-1/2

[Event "Elitserien Allsvenskan 2017-18"]
[Site "Lund"]
[Date "2017.10.21"]
[Round "2"]
[White "Ziegler, Ari"]
[Black "Grandell, Anders"]
[Result "1/2-1/2"]
[ECO "B30"]
[WhiteElo "2319"]
[BlackElo "2224"]
[Annotator "NA"]
[PlyCount "128"]
[EventDate "2017.??.??"]
[EventCountry "SWE"]
[SourceTitle "playchess.com"]
[Source "ChessBase"]
[SourceQuality "1"]
[TimeControl "40/5400+30:1800+30"]

1. e4 c5 2. Nf3 Nc6 3. Bb5 e6 4. b3 Nge7 5. Bb2 a6 6. Bxc6 Nxc6 7. e5 d6 8. exd6 Bxd6 9. Bxg7 Rg8 10. Bb2 Rxg2 11. Qe2 Nd4 12. Nxd4 cxd4 13. Bxd4 Qh4 14. Be3 Bd7 15. Nc3 Bc6 16. O-O-O O-O-O 17. h3 Rg6 18. f3 Qh5 19. Rhf1 Qxh3 20. Bb6 Rdg8 21. Ne4 Ba3+ 22. Kb1 Qf5 23. Qh2 e5 24. Qxh7 Qe6 25. Nc3 R6g7 26. Qh5 f5 27. d4 Be8 28. Qh3 Qxb6 29. Qxf5+ Bd7 30. Qxe5 Bd6 31. Qe4 Re8 32. Qd3 Kb8 33. Rg1 Rxg1 34. Rxg1 Qa5 35. Ne4 Bf5 36. a4 Bf4 37. Rh1 Qd5 38. Re1 Rd8 39. Rd1 Bc7 40. Qe3 Qc6 41. Re1 Ka8 42. Kb2 Bb6 43. c3 Rc8 44. Rc1 Re8 45. Re1 Bc7 46. Re2 Qg6 47. Ka2 Qh7 48. Kb2 Qh4 49. Qd3 Bf4 50. Ka2 Qh1 51. Kb2 Rg8 52. b4 Qc1+ 53. Kb3 Qf1 54. b5 Ka7 55. d5 Bc7 56. Rd2 Qa1 57. Ra2 Qg1 58. a5 Bxe4 59. fxe4 axb5 60. Qxb5 Qb1+ 61. Rb2 Qd1+ 62. Ka2 Rb8 63. Qc5+ Ka8 64. Qxc7 Qa4+ 1/2-1/2

[Event "Elitserien Allsvenskan 2017-18"]
[Site "Lund"]
[Date "2017.10.21"]
[Round "2"]
[White "Kucuksari, Kaan"]
[Black "Cederberg, Karl-Olof"]
[Result "1-0"]
[ECO "E11"]
[WhiteElo "2315"]
[BlackElo "2161"]
[Annotator "NA"]
[PlyCount "77"]
[EventDate "2017.??.??"]
[EventCountry "SWE"]
[SourceTitle "playchess.com"]
[Source "ChessBase"]
[SourceQuality "1"]
[TimeControl "40/5400+30:1800+30"]

1. d4 Nf6 2. Nf3 e6 3. c4 Bb4+ 4. Nbd2 Nc6 5. a3 Bxd2+ 6. Bxd2 $14 d6 7. Bg5 Qe7 8. e3 e5 9. Be2 h6 10. Bh4 O-O 11. O-O Re8 12. Re1 a5 13. b3 Bf5 14. h3 g5 15. Bg3 Ne4 16. Bd3 Nxg3 17. fxg3 e4 18. Bc2 Bg6 19. Nd2 f5 20. g4 f4 21. exf4 gxf4 22. Bxe4 Bxe4 23. Rxe4 Qf6 24. Rxe8+ Rxe8 25. Nf3 Re3 26. Qd2 Rxb3 27. Re1 Rxa3 28. Re8+ Kg7 29. Rc8 Rb3 30. Rxc7+ Kf8 31. Kh2 a4 32. Qc2 Ne7 33. Qa2 Qe6 34. d5 Qf6 35. Qc2 Kg8 36. Rd7 Kf8 37. c5 Rc3 38. Qh7 Rxc5 39. Rd8# 1-0

[Event "Elitserien Allsvenskan 2017-18"]
[Site "Lund"]
[Date "2017.10.21"]
[Round "2"]
[White "Helgason, Reynir"]
[Black "Engqvist, Thomas"]
[Result "1-0"]
[ECO "E30"]
[WhiteElo "2294"]
[BlackElo "2352"]
[Annotator "NA"]
[PlyCount "151"]
[EventDate "2017.??.??"]
[EventCountry "SWE"]
[SourceTitle "playchess.com"]
[Source "ChessBase"]
[SourceQuality "1"]
[TimeControl "40/5400+30:1800+30"]

1. d4 Nf6 2. c4 e6 3. Nc3 Bb4 4. Bg5 h6 5. Bh4 c5 6. d5 b5 7. cxb5 a6 8. a3 Bxc3+ 9. bxc3 axb5 10. dxe6 fxe6 11. e3 O-O 12. Bxb5 Qa5 13. Bxf6 Qxb5 14. Be7 Ba6 15. Ne2 Rf7 16. Bd6 Nc6 17. Ra2 Na5 18. f3 Nc4 19. Kf2 e5 20. Qd5 Rc8 21. Ng3 Bb7 22. Qd1 Rf6 23. Rd2 Nxd2 24. Qxd2 Re8 25. Qa2+ Kh8 26. Rb1 Qc6 27. Bxc5 Qxc5 28. Rxb7 Qc6 29. Qb2 Rff8 30. Rb6 Qd5 31. Rb5 Qd3 32. e4 Rc8 33. Rd5 Qc4 34. Rxe5 Rb8 35. Qd2 Rb1 36. Ne2 Rfb8 37. Qxd7 R1b2 38. Qd1 Qxc3 39. Rd5 Qc7 40. h3 Qb6+ 41. Qd4 Qa6 42. Qd3 Qf6 43. Kg3 Qe7 44. Nf4 Kg8 45. h4 Rb1 46. e5 Qc7 47. Ng6 R1b2 48. Rd7 Qb6 49. Nf4 Qf2+ 50. Kg4 Qb6 51. Qd5+ Kh8 52. h5 Qe3 53. e6 R2b5 54. Rd8+ Kh7 55. Qd3+ Qxd3 56. Rxd3 Rg5+ 57. Kh4 Re5 58. g4 Ra8 59. Kg3 Kg8 60. Nd5 Kf8 61. e7+ Rxe7 62. Nxe7 Kxe7 63. Kf4 Ra4+ 64. Kf5 Ra5+ 65. Ke4 Ke6 66. Kd4 Ra4+ 67. Kc5 Ke5 68. Kb5 Rf4 69. a4 g6 70. hxg6 Rf6 71. g7 Rg6 72. Rd7 Kf4 73. Rf7+ Ke5 74. a5 Ke6 75. Rc7 Kd5 76. a6 1-0

[Event "Elitserien Allsvenskan 2017-18"]
[Site "Lund"]
[Date "2017.10.21"]
[Round "2"]
[White "Ong, Kezli"]
[Black "Henriksson, Johan"]
[Result "1-0"]
[ECO "B16"]
[WhiteElo "2291"]
[BlackElo "2292"]
[Annotator "NA"]
[PlyCount "53"]
[EventDate "2017.??.??"]
[EventCountry "SWE"]
[SourceTitle "playchess.com"]
[Source "ChessBase"]
[SourceQuality "1"]
[TimeControl "40/5400+30:1800+30"]

1. e4 c6 2. d4 d5 3. Nc3 dxe4 4. Nxe4 Nf6 5. Nxf6+ $11 gxf6 6. c3 Qd5 7. Be3 Bf5 8. Nf3 Nd7 9. g3 O-O-O 10. Bg2 Qb5 11. Nh4 Bd3 12. Qd2 e6 13. Rd1 Bc4 14. b3 Bd5 15. c4 Qb6 16. O-O Bxg2 17. Nxg2 Qb4 18. Qc2 Kb8 19. a3 Qxa3 20. Bf4+ Ka8 21. Ra1 Qe7 22. Rxa7+ Kxa7 23. Ra1+ Kb6 24. Qa2 Qa3 25. c5+ Bxc5 26. dxc5+ Qxc5 27. Qa7+ 1-0

[Event "Elitserien Allsvenskan 2017-18"]
[Site "Lund"]
[Date "2017.10.21"]
[Round "2"]
[White "Andersson, Fredrik"]
[Black "Namini, Armin"]
[Result "1/2-1/2"]
[ECO "E94"]
[WhiteElo "2286"]
[BlackElo "2180"]
[Annotator "NA"]
[PlyCount "45"]
[EventDate "2017.??.??"]
[EventCountry "SWE"]
[SourceTitle "playchess.com"]
[Source "ChessBase"]
[SourceQuality "1"]
[TimeControl "40/5400+30:1800+30"]

1. d4 Nf6 2. c4 g6 3. Nc3 Bg7 4. e4 d6 5. Nf3 O-O 6. Be2 e5 7. O-O Na6 $14 {[%emt 0:00:04] LiveBook: 4157 Partien} 8. Re1 c6 9. Bf1 Bg4 10. d5 Ne8 11. Be2 Bd7 12. Rb1 c5 13. a3 f5 14. b4 Nf6 15. Ng5 b6 16. Nb5 Qe7 17. Bf3 Rfc8 18. Qd3 Nc7 19. Nxc7 Rxc7 20. Bd2 h6 21. Ne6 Bxe6 22. dxe6 f4 23. Bxf4 1/2-1/2

[Event "Elitserien Allsvenskan 2017-18"]
[Site "Lund"]
[Date "2017.10.21"]
[Round "2"]
[White "Vernersson, Per"]
[Black "Lissang, Christopher"]
[Result "1-0"]
[ECO "E11"]
[WhiteElo "2278"]
[BlackElo "2344"]
[Annotator "ChessBase"]
[PlyCount "20"]
[EventDate "2017.??.??"]
[EventCountry "SWE"]
[SourceTitle "playchess.com"]
[Source "ChessBase"]
[SourceQuality "1"]
[TimeControl "40/5400+30:1800+30"]

1. d4 Nf6 2. c4 e6 3. Nf3 Bb4+ 4. Nbd2 b6 5. a3 Bxd2+ 6. Bxd2 Bb7 7. Bg5 d6 8. e3 Nbd7 9. Bd3 h6 10. Bxf6 Nxf6 1-0

[Event "Elitserien Allsvenskan 2017-18"]
[Site "Lund"]
[Date "2017.10.21"]
[Round "2"]
[White "Malesevic, Nedeljko"]
[Black "Cederstam Barsk, Carl"]
[Result "0-1"]
[ECO "D02"]
[WhiteElo "2251"]
[BlackElo "2319"]
[Annotator "ChessBase"]
[PlyCount "24"]
[EventDate "2017.??.??"]
[EventCountry "SWE"]
[SourceTitle "playchess.com"]
[Source "ChessBase"]
[SourceQuality "1"]
[TimeControl "40/5400+30:1800+30"]

1. d4 d5 2. Nf3 Nf6 3. c4 e6 4. cxd5 exd5 5. Bg5 c6 6. Nc3 Be7 7. Qc2 Nbd7 8. e3 h6 9. Bh4 Nh5 10. Bxe7 Qxe7 11. Be2 Nhf6 12. O-O O-O 0-1

[Event "Elitserien Allsvenskan 2017-18"]
[Site "Lund"]
[Date "2017.10.21"]
[Round "2"]
[White "Sittenfeld, Johan"]
[Black "Dragicevic, Drazen"]
[Result "0-1"]
[ECO "D82"]
[WhiteElo "2167"]
[BlackElo "2349"]
[Annotator "NA"]
[PlyCount "114"]
[EventDate "2017.??.??"]
[EventCountry "SWE"]
[SourceTitle "playchess.com"]
[Source "ChessBase"]
[SourceQuality "1"]
[TimeControl "40/5400+30:1800+30"]

1. d4 Nf6 2. c4 g6 3. Nc3 d5 4. Bf4 Bg7 5. e3 c5 6. dxc5 Qa5 7. Qa4+ Qxa4 8. Nxa4 Na6 9. Nc3 Ne4 10. Rc1 Nxc3 11. bxc3 dxc4 12. Bxc4 Nxc5 13. Nf3 O-O 14. O-O Ne4 15. Be5 Bxe5 16. Nxe5 Nd2 17. Rfd1 Nxc4 18. Nxc4 Be6 19. Na5 Rfc8 20. h3 Rc7 21. Nb3 Rac8 22. Nd4 Bc4 23. Rd2 Ba6 24. Ne2 Bxe2 25. Rxe2 Rxc3 26. Rxc3 Rxc3 27. Rd2 Rc7 28. Kf1 f6 29. Ke2 Kf7 30. h4 Ke6 31. g3 b6 32. Kf3 Rc8 33. Rd3 Rc5 34. a3 Rf5+ 35. Ke2 Ra5 36. e4 Ra4 37. Ke3 Rc4 38. f3 h5 39. Kd2 Rc5 40. Ke3 Rc2 41. f4 Rc4 42. Kf3 b5 43. Ke3 Ra4 44. Rb3 a6 45. Kf3 Kd6 46. Re3 a5 47. Ke2 e5 48. Kd2 Rd4+ 49. Kc2 Kc5 50. Kb2 Rc4 51. Re2 Kd4 52. f5 gxf5 53. exf5 e4 54. Rd2+ Ke5 55. Rd8 Kxf5 56. Rd5+ Kg4 57. Rxb5 e3 0-1

[Event "Elitserien Allsvenskan 2017-18"]
[Site "Lund"]
[Date "2017.10.21"]
[Round "2"]
[White "Svensson, Mans"]
[Black "Jogstad, Martin"]
[Result "0-1"]
[ECO "D11"]
[WhiteElo "2166"]
[BlackElo "2283"]
[Annotator "NA"]
[PlyCount "90"]
[EventDate "2017.??.??"]
[EventCountry "SWE"]
[SourceTitle "playchess.com"]
[Source "ChessBase"]
[SourceQuality "1"]
[TimeControl "40/5400+30:1800+30"]

1. d4 d5 2. c4 c6 3. Nf3 Nf6 4. Qc2 dxc4 $11 5. e4 b5 6. b3 cxb3 7. axb3 e6 8. Bd2 a5 9. Bd3 Bb7 10. O-O Be7 11. Nc3 Na6 12. e5 Nb4 13. exf6 Nxc2 14. fxe7 Qxe7 15. Bxc2 O-O 16. Ne4 Qc7 17. Nc5 Ra7 18. Rfc1 Bc8 19. Be4 f6 20. Nd3 Bd7 21. Bf4 Qc8 22. Nb4 Qb7 23. Nxc6 Bxc6 24. Bxc6 Qa6 25. Rc5 b4 26. Bb5 Qb6 27. Bc4 Re8 28. Rb5 Qd8 29. Rb8 Qe7 30. Rb6 Qd8 31. Rxe6 Rxe6 32. Bxe6+ Kf8 33. Rc1 g5 34. Be3 Rc7 35. Rd1 Rc6 36. Bf5 Qd5 37. Bxh7 Qxb3 38. Re1 a4 39. Be4 Re6 40. Bf5 Re8 41. Rb1 Rxe3 42. fxe3 Qxe3+ 43. Kh1 a3 44. Rxb4 a2 45. Rb8+ Qe8 0-1

[Event "Elitserien Allsvenskan 2017-18"]
[Site "Lund"]
[Date "2017.10.21"]
[Round "2"]
[White "Jaderberg, Bjorn"]
[Black "Glimbrant, Torbjorn"]
[Result "1/2-1/2"]
[ECO "A05"]
[WhiteElo "2151"]
[BlackElo "2268"]
[Annotator "NA"]
[PlyCount "32"]
[EventDate "2017.??.??"]
[EventCountry "SWE"]
[SourceTitle "playchess.com"]
[Source "ChessBase"]
[SourceQuality "1"]
[TimeControl "40/5400+30:1800+30"]

1. Nf3 Nf6 2. b3 d5 3. Bb2 e6 4. g3 c5 5. Bg2 Nc6 6. O-O Be7 7. e3 O-O 8. d3 b6 9. Nbd2 Qc7 10. c4 Bb7 11. Qe2 Rad8 12. Rfd1 Rfe8 13. d4 dxc4 14. Nxc4 cxd4 15. Nxd4 Nxd4 16. Bxd4 Bxg2 1/2-1/2

[Event "Elitserien Allsvenskan 2017-18"]
[Site "Lund"]
[Date "2017.10.22"]
[Round "3"]
[White "Lindgren, Philip"]
[Black "Johansson, Carl Fredrik"]
[Result "1-0"]
[ECO "A48"]
[WhiteElo "2380"]
[BlackElo "2217"]
[Annotator "NA"]
[PlyCount "67"]
[EventDate "2017.??.??"]
[EventCountry "SWE"]
[SourceTitle "playchess.com"]
[Source "ChessBase"]
[SourceQuality "1"]
[TimeControl "40/5400+30:1800+30"]

1. Nf3 Nf6 2. d4 g6 3. c4 Bg7 4. Nc3 O-O 5. Bg5 c5 6. d5 h6 7. Bh4 {[%emt 0:00:40] LiveBook: 139 Games} d6 8. e3 a6 9. Nd2 {[%emt 0:01:57] E61: King's Indian: Early deviations for White, including Smyslov System} Nbd7 (9... e6 10. a4 exd5 11. cxd5 Nbd7 12. Be2 Qe7 13. O-O Ne5 14. h3 g5 15. Bg3 Bf5 {½-½ (45) Hansen,S (2590)-Van Kampen,R (2643) Germany 2016}) 10. a4 Qa5 11. Be2 Re8 12. O-O e6 $146 ({Predecessor:} 12... Nf8 13. Qc2 Rb8 14. f4 Ng4 15. Bxg4 Bxg4 16. e4 Bd7 {1-0 (35) Mendez Ataria,E (2400)-Faig,C (2185) Buenos Aires 1998}) 13. Qc2 e5 14. e4 Qc7 15. a5 b6 16. Nb3 $16 Rb8 17. Ra3 Nf8 18. Rfa1 g5 19. Bg3 Nxe4 20. Nxe4 f5 21. axb6 Rxb6 22. h4 fxe4 23. Bh5 Rd8 24. hxg5 hxg5 25. Nd2 Qb7 26. Nxe4 Rxb2 27. Qc1 Nh7 28. Rf3 g4 29. Rf7 Qb3 30. Bg6 Re2 31. Bxh7+ Kxf7 32. Qg5 Qb6 33. Bh4 Rd7 34. Qf5+ 1-0

[Event "Elitserien Allsvenskan 2017-18"]
[Site "Lund"]
[Date "2017.10.22"]
[Round "3"]
[White "Bejtovic, Jasmin"]
[Black "Namini, Armin"]
[Result "1/2-1/2"]
[ECO "A10"]
[WhiteElo "2358"]
[BlackElo "2180"]
[Annotator "NA"]
[PlyCount "99"]
[EventDate "2017.??.??"]
[EventCountry "SWE"]
[SourceTitle "playchess.com"]
[Source "ChessBase"]
[SourceQuality "1"]
[TimeControl "40/5400+30:1800+30"]

1. c4 g6 2. g3 Bg7 3. Bg2 Nf6 4. Nc3 O-O 5. e4 d6 6. Nge2 c5 7. O-O Nc6 8. d3 a6 9. h3 Rb8 10. a4 Ne8 11. Be3 Nc7 12. d4 $15 (12. b3 ) 12... cxd4 13. Nxd4 Ne6 14. Nde2 Nc5 15. b3 Qa5 16. Bd2 Qd8 17. Kh2 Bd7 18. Rb1 Nb4 19. a5 b6 20. axb6 Qxb6 21. Be3 Rfc8 22. f4 Qd8 23. f5 a5 24. Bd4 Ncd3 25. Bxg7 Kxg7 26. Nf4 Nxf4 27. Rxf4 f6 28. h4 a4 29. Nxa4 Bxa4 30. bxa4 Nc6 31. Rxb8 Rxb8 32. fxg6 hxg6 33. e5 Nxe5 34. c5 Rb2 35. cxd6 Qa8 36. Qf1 Nd3 37. Rf3 Ne1 38. Rf2 Rxf2 39. Qxf2 Nxg2 40. d7 Nxh4 41. gxh4 Qd5 42. Qa7 Qd2+ 43. Kh3 Qd3+ 44. Kg2 Qd2+ 45. Kg1 Qd1+ 46. Kf2 Qd2+ 47. Kf1 Qd1+ 48. Kg2 Qd2+ 49. Kf1 Qd1+ 50. Kg2 1/2-1/2

[Event "Elitserien Allsvenskan 2017-18"]
[Site "Lund"]
[Date "2017.10.22"]
[Round "3"]
[White "Engqvist, Thomas"]
[Black "Kassani, Sam"]
[Result "1-0"]
[ECO "B12"]
[WhiteElo "2352"]
[BlackElo "2203"]
[Annotator "NA"]
[PlyCount "107"]
[EventDate "2017.??.??"]
[EventCountry "SWE"]
[SourceTitle "playchess.com"]
[Source "ChessBase"]
[SourceQuality "1"]
[TimeControl "40/5400+30:1800+30"]

1. e4 c6 2. d4 d5 3. f3 dxe4 4. fxe4 e5 5. Nf3 Bg4 6. Bc4 Nd7 7. O-O {[%emt 0:01:39] B12: Caro-Kann: Advance Variation} Ngf6 8. c3 {[%emt 0:11:30] LiveBook: 43 Games} Qb6 (8... Qc7 9. Qb3 O-O-O 10. Nbd2 Bd6 11. h3 Bh5 12. Ng5 Rhf8 13. Nxf7 Bxf7 14. Bxf7 exd4 15. cxd4 {½-½ (38) Gagunashvili,M (2588)-Paichadze,L (2554) Tbilisi 2017}) 9. Nbd2 Bd6 $146 ({Predecessor:} 9... exd4 10. cxd4 Ne5 11. Qb3 Nxc4 12. Nxc4 Qxb3 13. axb3 a6 14. e5 Nd5 15. Ng5 Be6 16. Ne4 {½-½ (16) Cardona Costa,J (2072)-Moraes,F (2198) ICCF email 2012}) 10. Bxf7+ Kxf7 11. Nc4 Qc7 12. dxe5 Bxe5 ({Nicht} 12... Bc5+ $2 13. Kh1 $18) 13. Nfxe5+ Nxe5 14. Nxe5+ Qxe5 15. Qxg4 Rhe8 16. Bg5 Qxe4 17. Qg3 $14 Qg6 18. Bxf6 gxf6 19. Qh4 Kg7 20. Rf4 Re5 21. Raf1 Rf8 22. h3 a6 23. Kh2 Rg5 24. Qf2 Rf7 25. h4 Rg4 26. Rf5 h5 27. g3 Re4 28. Qf3 Rg4 29. Kh3 Kh6 30. Qe3+ Kh7 31. Kh2 Rg7 32. Rxf6 Rxg3 33. Rxg6 Rxe3 34. Rxg7+ Kxg7 35. Rf2 Re4 36. Kg3 Rg4+ 37. Kh3 Kg6 38. Rd2 Rf4 39. Rd7 Rf7 40. Rxf7 Kxf7 41. Kg3 Ke6 42. Kf4 Kf6 43. b4 b5 44. a3 Kf7 45. Kg5 Ke6 46. Kxh5 Kf5 47. Kh6 Ke4 48. h5 Kd3 49. Kg5 Kxc3 50. h6 Kb3 51. h7 Kxa3 52. h8=Q Kxb4 53. Qd4+ Ka3 54. Qb6 1-0

[Event "Elitserien Allsvenskan 2017-18"]
[Site "Lund"]
[Date "2017.10.22"]
[Round "3"]
[White "Dragicevic, Drazen"]
[Black "Larsson, Anders"]
[Result "0-1"]
[ECO "A06"]
[WhiteElo "2349"]
[BlackElo "2258"]
[Annotator "NA"]
[PlyCount "68"]
[EventDate "2017.??.??"]
[EventCountry "SWE"]
[SourceTitle "playchess.com"]
[Source "ChessBase"]
[SourceQuality "1"]
[TimeControl "40/5400+30:1800+30"]

1. Nf3 d5 2. g3 Nf6 3. Bg2 c6 4. O-O Bf5 5. d4 e6 6. c4 Be7 7. Nc3 h6 8. Ne5 Nbd7 9. Qb3 Qb6 10. Nxd7 Nxd7 11. e4 dxe4 12. Nxe4 O-O 13. Be3 Bxe4 14. Bxe4 Qxb3 $11 15. axb3 Nf6 16. Bf3 Rfd8 17. Rfd1 a6 18. Kf1 Rd7 19. Ke2 Rad8 20. Kd3 Ne8 21. Kc3 Bf6 22. b4 Nd6 23. Rd2 Nf5 24. Rad1 a5 25. c5 e5 26. dxe5 Bxe5+ 27. Kb3 Rxd2 28. Rxd2 Rxd2 29. Bxd2 Nd4+ 30. Kc4 Nxf3 31. Bc1 axb4 32. h4 f5 33. Kxb4 Kf7 34. Ka5 Bc7+ 0-1

[Event "Elitserien Allsvenskan 2017-18"]
[Site "Lund"]
[Date "2017.10.22"]
[Round "3"]
[White "Lissang, Christopher"]
[Black "Hedman, Erik"]
[Result "1/2-1/2"]
[ECO "A30"]
[WhiteElo "2344"]
[BlackElo "2366"]
[Annotator "NA"]
[PlyCount "36"]
[EventDate "2017.??.??"]
[EventCountry "SWE"]
[SourceTitle "playchess.com"]
[Source "ChessBase"]
[SourceQuality "1"]
[TimeControl "40/5400+30:1800+30"]

1. c4 c5 2. Nf3 Nc6 3. e3 Nf6 4. Nc3 g6 5. d4 cxd4 6. exd4 d5 7. cxd5 Nxd5 8. Qb3 {[%emt 0:02:08] LiveBook: 527 Games} e6 9. Bc4 {[%emt 0:02:56] A35: Symmetrical English: 2 Nc3 Nc6 3 Nf3} (9. Bb5 Bg7 10. O-O O-O 11. Bxc6 bxc6 12. Na4 Qd6 13. Re1 Rb8 14. Qd1 c5 15. Nxc5 Bb7 16. Bg5 Ba8 17. Qd2 Rb5 {0-1 (59) Caruana,F (2807)-Le,Q (2739) Saint Louis 2017}) 9... Na5 10. Bb5+ Bd7 11. Qa4 a6 12. Bxd7+ Qxd7 13. Qxd7+ Kxd7 14. Ne5+ Ke8 15. Nxd5 exd5 {[%emt 0:00:11] [#]} 16. b3 $146 ({Predecessor:} 16. Bd2 Nc4 17. Nxc4 dxc4 {½-½ (43) Belous,V (2584)-Bocharov,D (2560) Vladivostok 2014}) 16... f6 17. Nd3 Nc6 18. Be3 $15 Nb4 1/2-1/2